 Dungeon Crawl Stone Soup version bcrawl-1.12-8-g964540c432 (webtiles) character file.

Game seed: 12288817623640920865

814 EnegeticOcto the Chopper (level 7, -11/61 HPs)
             Began as a Minotaur Sloth Apostle on June 6, 2019.
             Was a Believer of Cheibriados.
             Mangled by a yak (12 damage)
             ... on level 4 of the Dungeon.
             The game lasted 00:03:06 (3189 turns).

EnegeticOcto the Chopper (Minotaur Sloth Apostle)   Turns: 3189, Time: 00:03:06

Health: -11/61     AC:  3    Str: 24    XL:     7   Next: 62%
Magic:  7/7        EV: 14    Int: 15    God:    Cheibriados [**....]
Gold:   216        SH: 11    Dex: 21    Spells: 7/8 levels left

rFire    . . .     SeeInvis .   s - +1 war axe (elec)
rCold    + . .     Gourm    .   c - +0 shield
rNeg     . . .     Faith    .   b - +0 robe
rPois    .         Spirit   .   (helmet restricted)
rElec    .         Reflect  .   (no cloak)
rCorr    .         Harm     .   (no gloves)
MR       .....                  m - +0 pair of boots
Stlth    ++++......             (no amulet)
HPRegen  0.20/turn              j - ring of ice
MPRegen  0.10/turn              p - ring of protection from fire

@: agile, very slow
A: retaliatory headbutt, horns 2
a: Bend Time, Renounce Religion


You were on level 4 of the Dungeon.
You worshipped Cheibriados.
Cheibriados was pleased with you.
You were hungry.

You visited 1 branch of the dungeon, and saw 4 of its levels.

You collected 216 gold pieces.

Inventory:

Hand Weapons
 a - a +0 hand axe
 s - a +1 war axe of electrocution (weapon)
Missiles
 x - a throwing net (quivered) {!f!f}
Armour
 b - a +0 robe (worn)
 c - a +0 shield (worn)
 m - a +0 pair of boots (worn)
Jewellery
 j - a ring of ice (left hand)
 p - a ring of protection from fire (right hand)
Wands
 d - a wand of paralysis (10)
 y - a wand of clouds (5)
Scrolls
 h - 5 scrolls of identify
 k - 2 scrolls of enchant weapon {unknown}
 n - a scroll of enchant armour {unknown}
 o - a scroll of blinking {unknown}
 q - a scroll of noise {unknown}
 v - a scroll of fear {unknown}
 w - a scroll of teleportation {unknown}
Potions
 f - 3 potions of lignification {unknown}
 g - a potion of agility
 i - a potion of invisibility {unknown}
 l - a potion of heal wounds {unknown}
 r - a potion of brilliance {unknown}
 t - a potion of curing {unknown}
 u - a potion of degeneration {unknown}
Comestibles
 e - 4 rations {!d}
 z - 3 chunks of flesh


   Skills:
 + Level 5.1 Fighting
 * Level 7.0 Axes
 + Level 4.0 Armour
 - Level 2.6 Stealth
 + Level 4.8 Shields
 - Level 1.0 Spellcasting
 - Level 0.5 Hexes
 + Level 1.4 Invocations
 - Level 0.8 Evocations


You had 7 spell levels left.
You knew the following spells:

 Your Spells              Type           Power        Failure   Level  Hunger
a - Slow                  Hex            #.......     58%         1    ##.....
Your spell library was empty.

Dungeon Overview and Level Annotations

Branches:
Dungeon (4/12)
 Temple: D:4-7

Altars:
Ashenzari
Xom
The Shining One


Innate Abilities, Weirdness & Mutations

You reflexively headbutt those who attack you in melee.
You have a pair of horns on your head.


Message History

A crimson imp is nearby!
A crimson imp is nearby!
You are feeling hungry.
A quokka and a worm come into view.
The crimson imp shouts!
You hear a bark!
You hear a bellow!
You hear a bark!
You hear a bellow! x2
A jackal comes into view.
A yak comes into view.
The jackal moves out of view. 2 yaks come into view.
You block the crimson imp's attack.
A jackal comes into view.
The crimson imp hits you but does no damage.
The yak bellows! x2
You slice the crimson imp!!
Lightning courses through the crimson imp!
You kill the crimson imp!
Cheibriados thoroughly appreciates the change of pace.
You have reached level 7!
A jackal comes into view.
A yak comes into view. x2; A jackal comes into view.
Okay, then.
Okay, then.
As you read the scroll labeled HOERYN JYEGH, it crumbles to dust.
It is a scroll of identify.
g - 2 potions of agility The yak bellows!
The jackal barks! x2
You block the quokka's attack.
You feel agile all of a sudden. You block the quokka's attack.
You slash the quokka! Lightning courses through the quokka!
You kill the quokka!
Cheibriados appreciates the change of pace.
You slash the yak! Your headbutt misses the yak.
The yak is moderately wounded.
The yak gores you!
Your shield prevents you from hitting the yak.
The yak is moderately wounded.
You hit the worm. The worm closely misses you. You furiously retaliate!
You headbutt the worm. You closely miss the yak. You headbutt the yak.
The yak is moderately wounded.
You hit the worm. You slash the yak! You block the yak's attack.
The yak barely misses you. The yak gores you.
You hit the yak.
The yak is heavily wounded.
You slash the yak! You hit the worm. The worm closely misses you.
You furiously retaliate!
You headbutt the worm! The yak gores you. x2
You are too injured to fight recklessly!
You are too injured to fight recklessly!
You are too injured to fight recklessly!
You are too injured to fight recklessly!
You are too injured to fight recklessly!
You are too injured to fight recklessly!
You are too injured to fight recklessly!
You are too injured to fight recklessly!
You are too injured to fight recklessly!
You hit the yak.
The yak is severely wounded.
You hit the worm. You hit the yak but do no damage.
The yak gores you but does no damage. The yak barely misses you.
The worm barely misses you. You furiously retaliate!
You headbutt the worm. The yak gores you.
You slash the yak! Lightning courses through the yak!
You kill the yak!
Cheibriados appreciates the change of pace.
Cheibriados raises the support of your attributes as your movement slows.
Your Invocations skill increases to level 1!
You hit the worm. Lightning courses through the worm!
You kill the worm!
You hit the yak but do no damage. You closely miss the yak. The yak gores you!
* * * LOW HITPOINT WARNING * * *
The yak misses you.
You barely miss the yak.
Your shield prevents you from hitting the yak.
You hit the yak. Lightning courses through the yak! The yak gores you.
* * * LOW HITPOINT WARNING * * *
You block the yak's attack. x2; The yak gores you!
* * * LOW HITPOINT WARNING * * *
Okay, then.
You hit the yak. You headbutt the yak.
The yak is moderately wounded.
You hit the yak.
You kill the yak!
Cheibriados appreciates the change of pace.
Your Fighting skill increases to level 5!
Your Axes skill increases to level 7!
Your Armour skill increases to level 4!
Your shield prevents you from hitting the jackal.
You hit the yak. Lightning courses through the yak!
You block the yak's attack. x2
The jackal misses you. The yak closely misses you. You furiously retaliate!
You headbutt the yak, but do no damage. The jackal bites you.
* * * LOW HITPOINT WARNING * * *
You slash the yak! You headbutt the yak!
The yak is severely wounded.
You slash the jackal! Lightning courses through the jackal!
You kill the jackal!
Cheibriados thoroughly appreciates the change of pace.
You hit the jackal. Lightning courses through the jackal!
You kill the jackal!
Cheibriados thoroughly appreciates the change of pace.
You closely miss the yak. You block the yak's attack. The yak gores you!
You die...

.........# ..#..
.........# #$...
.........# ##..# .
.........# ###...##.. ..
.........###........ ..#
................####...#
..#..#......#........#
#..#.#..#...<....Y>.#
##.....##.##.##.@Y..#
......###.#..##..Y..#
..........#.######h##
##......###. .h.
...#.##.# #. #...
.###.##.# .. .... #
#.##.. ... #.##### ..
#.#


You could see 3 yaks and 2 jackals.

Vanquished Creatures
  2 yaks (D:4)
  A hungry ghost (D:3)
  An ogre (D:3)
  A howler monkey (D:3)
  4 crimson imps
  A worker ant (D:4)
  4 gnolls (D:3)
  3 adders (D:3)
  2 worms
  2 dart slugs
  4 leopard geckos
  2 orcs
  A ball python (D:3)
  3 giant cockroaches (D:1)
  9 hobgoblins
  4 jackals
  8 kobolds
  3 quokkas
  5 bats
  2 frilled lizards
  2 goblins
  9 rats
  A plant (D:3)
74 creatures vanquished.

Notes
Turn   | Place    | Note
-------+----------+-------------------------------------------
     0 | D:1      | EnegeticOcto the Minotaur Sloth Apostle began the quest for
                  | the Orb.
     0 | D:1      | Reached XP level 1. HP: 18/18 MP: 1/1
   200 | D:1      | Reached skill level 3 in Axes
   220 | D:1      | Reached XP level 2. HP: 25/25 MP: 2/2
   313 | D:1      | Found a shattered altar of Ashenzari.
   428 | D:1      | Reached * piety under Cheibriados
   496 | D:1      | Reached XP level 3. HP: 21/31 MP: 3/3
   943 | D:2      | Reached skill level 1 in Armour
  1291 | D:2      | Found a glowing golden altar of the Shining One.
  1601 | D:3      | Reached skill level 4 in Axes
  1791 | D:3      | Noticed an ogre
  1867 | D:3      | Noticed a hungry ghost
  1880 | D:3      | Killed a hungry ghost
  1880 | D:3      | Reached skill level 5 in Axes
  1880 | D:3      | Reached XP level 4. HP: 25/40 MP: 4/4
  1880 | D:3      | Reached XP level 5. HP: 29/46 MP: 5/5
  2015 | D:3      | Reached ** piety under Cheibriados
  2215 | D:3      | Found a shimmering altar of Xom.
  2262 | D:3      | Reached XP level 6. HP: 46/52 MP: 6/6
  2645 | D:3      | Reached skill level 6 in Axes
  3175 | D:4      | Noticed a yak
  3176 | D:4      | Noticed a yak
  3176 | D:4      | Noticed a yak
  3177 | D:4      | Reached XP level 7. HP: 60/60 MP: 7/7
  3177 | D:4      | Noticed a yak
  3177 | D:4      | Noticed a yak
  3186 | D:4      | Killed a yak
  3186 | D:4      | Reached skill level 1 in Invocations
  3187 | D:4      | HP: 3/60 [yak (12)]
  3188 | D:4      | Killed a yak
  3188 | D:4      | Reached skill level 5 in Fighting
  3188 | D:4      | Reached skill level 7 in Axes
  3188 | D:4      | HP: 1/61 [jackal (3)]
  3189 | D:4      | Mangled by a yak

Skill      XL: |  1  2  3  4  5  6  7 |
---------------+----------------------+-----
Axes           | 3 5 6 7 |  7.0
Fighting       | 3 4 5 |  5.1
Armour         | 2 3 4 |  4.0
Shields        | 3 4 |  4.8
Invocations    | 1 |  1.4
Stealth        | |  2.6
Spellcasting   | |  1.0
Hexes          | |  0.5
Evocations     | |  0.8

Action                   |  1- 3 |  4- 6 |  7- 9 || total
-------------------------+-------+-------+-------++-------
Melee: Hand axe          |    62 |       |       ||    62
       Headbutt          |     8 |     9 |     3 ||    20
       War axe           |    24 |    47 |    10 ||    81
Invok: Bend Time         |       |     1 |       ||     1
  Use: Scroll            |       |       |     1 ||     1
       Potion            |       |       |     1 ||     1
 Stab: Sleeping          |     6 |     2 |       ||     8
  Eat: Chunk             |     1 |     2 |       ||     3
       Ration            |     1 |       |       ||     1
Armor: Robe              |    23 |     9 |     1 ||    33
Dodge: Dodged            |    31 |    11 |     8 ||    50
Block: Shield            |    39 |    20 |     8 ||    67
